 Dungeon Crawl Stone Soup version 0.22.1-1-ga44c0e5 (webtiles) character file.

132 vierth the Sneak (level 4, -8/21 HPs)
             Began as a Spriggan Enchanter on Oct 21, 2018.
             Killed from afar by Natasha (9 damage)
             ... with a magic dart
             ... on level 2 of the Dungeon.
             The game lasted 00:09:27 (3437 turns).

vierth the Sneak (Spriggan Enchanter)               Turns: 3437, Time: 00:09:28

Health: -8/21      AC:  2    Str:  4    XL:     4   Next: 92%
Magic:  8/10       EV: 18    Int: 17    God:
Gold:   98         SH:  0    Dex: 16    Spells: 6/9 levels left

rFire    . . .     SeeInvis +   a - +1 dagger
rCold    . . .     Gourm    .   (shield restricted)
rNeg     . . .     Faith    .   b - +0 robe
rPois    .         Spirit   .   (helmet restricted)
rElec    .         Reflect  .   (no cloak)
rCorr    .         Harm     .   (gloves unavailable)
MR       .....                  (boots unavailable)
Stlth    +++.......             (no amulet)
HPRegen  0.07/turn              (no ring)
MPRegen  0.12/turn              (no ring)

@: very quick
A: very small, unfitting armour, see invisible, herbivore, speed 3, slow
metabolism 2
a: no special abilities


You were on level 2 of the Dungeon.
You were hungry.

You visited 1 branch of the dungeon, and saw 2 of its levels.

You collected 98 gold pieces.

Inventory:

Hand Weapons
 a - a +1 dagger (weapon)
Armour
 b - a +0 robe (worn)
Jewellery
 k - an uncursed ring of fire {unknown}
Scrolls
 c - 2 scrolls of teleportation {unknown}
 g - 2 scrolls of remove curse {unknown}
 h - 2 scrolls of identify {unknown}
 i - a scroll of amnesia {unknown}
 j - a scroll of random uselessness {unknown}
 l - a scroll of immolation {unknown}
Potions
 e - a potion of flight {unknown}
 f - a potion of resistance {unknown}
Comestibles
 d - 2 rations


   Skills:
 * Level 3.7 Short Blades
 - Level 3.0 Dodging
 + Level 5.7 Stealth
 + Level 3.3 Spellcasting
 + Level 4.2 Hexes


You had 6 spell levels left.
You knew the following spells:

 Your Spells              Type           Power        Failure   Level  Hunger
a - Corona                Hex            ###....      3%          1    None
b - Ensorcelled Hibernat  Hex/Ice        ##....       11%         2    ##.....

Your spell library contained the following spells:

 Spells                   Type           Power        Failure   Level  Hunger
 Confuse                  Hex            ###.....     9%          3    ###....
 Tukima's Dance           Hex            ###.....     9%          3    ###....
 Dazzling Spray           Conj/Hex       ##....       22%         3    ###....


Dungeon Overview and Level Annotations

Branches:
Dungeon (2/15)

Altars:

Annotations:
D:2 Natasha


Innate Abilities, Weirdness & Mutations

You are very small and have problems with some larger weapons.
You are too small for most types of armour.
You have supernaturally acute eyesight. (SInv)
You are a herbivore.
You cover ground extremely quickly.
You need to consume almost no food.


Message History

You hit the shadow imp but do no damage.
The shadow imp is lightly wounded.
The shadow imp misses you.
You hit the shadow imp but do no damage.
You hit the shadow imp but do no damage.
The shadow imp misses you.
The white imp lashes its tail.
You barely miss the shadow imp. The shadow imp gestures at you.
Pain shoots through your body!
* * * LOW HITPOINT WARNING * * *
You closely miss the shadow imp.
The shadow imp hits you but does no damage.
You hit the shadow imp but do no damage.
Natasha casts a spell.
The shadow imp misses you.
The shadow imp disappears in a puff of smoke!
Natasha stares at you and mumbles some strange words.
The magic dart hits you!
You die...

#.# #(# #g# ###.#
#.# #...# #h# #.###
#r# #.# #.# #.# #.#
#.#
#######.#########.#
......5g5h†..@....#
........###########
#########


You could see Natasha, a white imp, a shadow imp and a hobgoblin.

Vanquished Creatures
  6 gnolls
  2 adders (D:2)
  2 dart slugs (D:1)
  3 worms (D:2)
  A leopard gecko (D:2)
  2 giant cockroaches
  3 goblins
  2 hobgoblins
  9 jackals (D:1)
  A quokka (D:2)
  2 bats (D:1)
  2 frilled lizards (D:1)
  7 kobolds
  6 rats
48 creatures vanquished.

Notes
Turn   | Place    | Note
-------+----------+-------------------------------------------
     0 | D:1      | vierth the Spriggan Enchanter began the quest for the Orb.
     0 | D:1      | Reached XP level 1. HP: 9/9 MP: 5/5
   512 | D:1      | Reached XP level 2. HP: 11/13 MP: 6/6
   523 | D:1      | Learned a level 2 spell: Ensorcelled Hibernation
   648 | D:1      | Reached skill level 5 in Stealth
  1158 | D:2      | Reached XP level 3. HP: 6/16 MP: 2/8
  2220 | D:2      | Reached XP level 4. HP: 21/21 MP: 3/9
  2821 | D:1      | HP: 1/21 [gnoll (8)]
  3396 | D:2      | Noticed Natasha
  3432 | D:2      | HP: 1/21 [shadow imp/nerve-wracking pain[Natasha] (8)]
  3437 | D:2      | Killed from afar by Natasha

Skill      XL: |  1  2  3 |
---------------+----------+-----
Short Blades   | 2 3 |  3.7
Stealth        | 5 |  5.7
Spellcasting   | 3 |  3.3
Hexes          | 4 |  4.2
Dodging        | |  3.0

Action                   |  1- 3 |  4- 6 || total
-------------------------+-------+-------++-------
Melee: Dagger            |   133 |    56 ||   189
 Cast: Ensorcelled Hiber |    24 |    13 ||    37
 Stab: Sleeping          |    23 |    11 ||    34
       Distracted        |       |     1 ||     1
  Eat: Ration            |     1 |       ||     1
Armor: Robe              |    17 |     5 ||    22
Dodge: Dodged            |   120 |    37 ||   157
